 Dungeon Crawl Stone Soup version 0.21-a0-582-g1b93aee (webtiles) character file.

308 sithsevirus the Poker (level 6, -2/53 HPs)
             Began as a Draconian Berserker on Dec 19, 2017.
             Was a Priest of Trog.
             Slain by a worker ant (3 damage)
             ... on level 4 of the Dungeon.
             The game lasted 00:10:10 (4135 turns).

sithsevirus the Poker (Draconian Berserker)         Turns: 4135, Time: 00:10:11

Health: -2/53      AC:  6    Str: 19    XL:     6   Next: 16%
Magic:  6/6        EV:  9    Int:  7    God:    Trog [***...]
Gold:   159        SH: 12    Dex: 13    Spells: 5/5 levels left

rFire    . . .     SeeInvis .   a - +0 spear
rCold    . . .     Gourm    .   r - +0 large shield
rNeg     . . .     Faith    .   (armour unavailable)
rPois    .         Spirit   .   (helmet restricted)
rElec    .         Reflect  .   (no cloak)
rCorr    .         Harm     .   (no gloves)
MR       .....                  (no boots)
Stlth    +.........             (no amulet)
HPRegen  0.17/turn              (no ring)
MPRegen  0.10/turn              (no ring)

@: berserk cooldown, starving, slowed, very slow
A: unfitting armour, cold-blooded, AC +6
a: Berserk, Trog's Hand, Burn Spellbooks, Renounce Religion


You were on level 4 of the Dungeon.
You worshipped Trog.
Trog was most pleased with you.
You were starving.

You visited 1 branch of the dungeon, and saw 4 of its levels.

You collected 159 gold pieces.

Inventory:

Hand Weapons
 a - a +0 spear (weapon)
Missiles
 h - 16 sling bullets
 m - 29 poisoned needles
 o - 99 stones (quivered)
Armour
 r - a +0 large shield (worn)
Jewellery
 e - an uncursed ring of ice {unknown}
Scrolls
 c - 6 scrolls of identify {unknown}
 d - a scroll of enchant armour {unknown}
 f - 2 scrolls of remove curse {unknown}
 i - a scroll of fear {unknown}
 k - 2 scrolls of teleportation {unknown}
 q - 4 scrolls of amnesia {unknown}
 u - a scroll of fog {unknown}
 v - a scroll of enchant weapon {unknown}
Potions
 g - a potion of invisibility {unknown}
 j - a potion of curing
 l - a potion of might {unknown}
 n - 2 potions of flight {unknown}
 p - a potion of agility {unknown}
 s - a potion of haste {unknown}
Comestibles
 b - 6 rations


   Skills:
 + Level 4.5 Fighting
 * Level 5.1 Polearms
 + Level 3.7 Dodging
 - Level 0.6 Stealth
 + Level 1.4 Shields


You had 5 spell levels left.
You didn't know any spells.

Dungeon Overview and Level Annotations

Branches:
Dungeon (4/15)
 Temple: D:4-7

Altars:
Elyvilon
Makhleb


Innate Abilities, Weirdness & Mutations

Your plain brown scales are hard. (AC +6)
You cannot fit into any form of body armour.
You are cold-blooded and may be slowed by cold attacks.


Message History

The worker ant bites you.
* * * LOW HITPOINT WARNING * * *
You block the leopard gecko's attack. The worker ant barely misses you.
You block the leopard gecko's attack.
The leopard gecko bites you but does no damage.
The worker ant bites you.
* * * LOW HITPOINT WARNING * * *
The leopard gecko bites you.
* * * LOW HITPOINT WARNING * * *
The orc hits you but does no damage. The orc completely misses you.
The worker ant bites you but does no damage.
The leopard gecko bites you but does no damage.
You block the worker ant's attack. The worker ant barely misses you.
The leopard gecko bites you but does no damage.
The worker ant barely misses you. The worker ant bites you.
* * * LOW HITPOINT WARNING * * *
The worker ant bites you but does no damage.
You block the orc's attack. The worker ant bites you.
You die...

....#### .##...##
.####..# ....#..##
###.#...## ###
#......#######.#
#####.......##...###
............##.a.#.#
#####.......##.a@..#
# #.....>....lo.###
# #.............#
.............#...#
.............[####
...............##
................# ..
.............# ..
..........).#


You could see 2 worker ants, an orc and a leopard gecko.

Vanquished Creatures
  An orc priest (D:4)
  A bullfrog skeleton (D:4)
  2 orc wizards (D:4)
  A worker ant (D:4)
  3 adders
  4 gnolls (D:2)
  An ooze (D:4)
  4 worms
  4 dart slugs
  17 orcs
  8 bats
  3 giant cockroaches
  3 goblins
  7 hobgoblins
  4 jackals (D:2)
  3 kobolds
  A quokka (D:3)
  A ball python skeleton (D:4)
  2 frilled lizards
  A quokka skeleton (D:4)
  6 rats
77 creatures vanquished.

Notes
Turn   | Place    | Note
-------+----------+-------------------------------------------
     0 | D:1      | sithsevirus the Draconian Berserker began the quest for the Orb.
     0 | D:1      | Reached XP level 1. HP: 19/19 MP: 1/1
   200 | D:1      | Reached XP level 2. HP: 26/26 MP: 2/2
   985 | D:2      | Reached XP level 3. HP: 24/33 MP: 3/3
  1204 | D:2      | Reached ** piety under Trog
  1206 | D:2      | Reached skill level 4 in Polearms
  1210 | D:2      | Reached XP level 4. HP: 11/40 MP: 4/4
  1477 | D:2      | Found a white marble altar of Elyvilon.
  1523 | D:2      | Found a burning altar of Makhleb.
  3186 | D:3      | Reached XP level 5. HP: 46/46 MP: 5/5
  3668 | D:4      | Reached skill level 1 in Shields
  3706 | D:4      | Reached *** piety under Trog
  3706 | D:4      | Reached skill level 5 in Polearms
  4113 | D:4      | Reached XP level 6. HP: 22/53 MP: 6/6
  4126 | D:4      | HP: 1/53 [worker ant (8)]
  4134 | D:4      | HP: 1/53 [worker ant (3)]
  4135 | D:4      | Slain by a worker ant

Vault maps used:
D:1:      wheals_arrival_shading
D:2:      nicolae_overflow_hidden_temple, lemuel_round_altar, first_ration,
          grunt_decor_mini_mirrors
D:3:      grunt_ministairs_9, minmay_misc_feat_cross
D:4:      tgw_trog, nemelex_dance_club_becter

Skill      XL: |  1  2  3  4  5 |
---------------+----------------+-----
Dodging        | 3 |  3.7
Polearms       | 4 5 |  5.1
Fighting       | 4 |  4.5
Shields        | 1 |  1.4
Stealth        | |  0.6

Action                   |  1- 3 |  4- 6 || total
-------------------------+-------+-------++-------
Melee: Spear             |   106 |   256 ||   362
       Tailslap          |    12 |    31 ||    43
Invok: Berserk           |     2 |     2 ||     4
  Use: Potion            |       |     1 ||     1
 Stab: Sleeping          |     1 |     2 ||     3
  Eat: Chunk             |     2 |    10 ||    12
Armor: Skin              |    23 |    50 ||    73
Dodge: Dodged            |    47 |    97 ||   144
Block: Large shield      |       |   101 ||   101

Table legend:
 A = Spawn XP
 B = Non-spawn XP
 C = Spawn XP percentage of total XP
 D = Spawn monster count
 E = Non-spawn monster count
 F = Spawn count percentage of total count
 G = Total turns spent on level
                    A         B        C        D         E        F      G
               +---------+---------+-------+---------+---------+-------+---------
         Total |       0 |     440 |   0.0 |       0 |      77 |   0.0 |  4135
               +---------+---------+-------+---------+---------+-------+---------
           D:1 |       0 |      34 |   0.0 |       0 |      16 |   0.0 |   915
           D:2 |       0 |     115 |   0.0 |       0 |      21 |   0.0 |  1259
           D:3 |       0 |      47 |   0.0 |       0 |      18 |   0.0 |  1125
           D:4 |       0 |     244 |   0.0 |       0 |      22 |   0.0 |   836
               +---------+---------+-------+---------+---------+-------+---------
